 Dungeon Crawl Stone Soup version 0.24-a0-545-gd1b266bae6 (webtiles) character file.

Game seed: 8695632999105462559

217 Electrofox the Changer (level 5, 0/40 HPs)
             Began as a Draconian Transmuter on Aug 18, 2019.
             Succumbed to a goblin's poison
             ... on level 4 of the Dungeon.
             The game lasted 00:24:29 (3576 turns).

Electrofox the Changer (Draconian Transmuter)       Turns: 3576, Time: 00:24:30

Health: 0/40       AC:  5    Str: 12    XL:     5   Next: 62%
Magic:  10/11      EV: 12    Int: 15    God:
Gold:   174        SH:  0    Dex: 11    Spells: 9/12 levels left

rFire    . . .     SeeInvis .     - Unarmed
rCold    . . .     Gourm    .   (no shield)
rNeg     . . .     Faith    .   (armour unavailable)
rPois    .         Spirit   .   (helmet restricted)
rElec    .         Reflect  .   (no cloak)
rCorr    .         Harm     .   (no gloves)
MR       .....                  (no boots)
Stlth    +.........             (no amulet)
HPRegen  0.13/turn              (no ring)
MPRegen  0.12/turn              (no ring)

@: lethally poisoned (0 -> -11), appendage (expiring), hasted, very quick
A: unfitting armour, horns 2, cold-blooded, AC +5
a: End Transformation


You were on level 4 of the Dungeon.
You were not hungry.
You had grown temporary horns.
You visited 1 branch of the dungeon, and saw 4 of its levels.

You collected 174 gold pieces.

Inventory:

Hand Weapons
 m - a +0 hunting sling
Missiles
 a - 25 arrows
 q - a javelin (quivered)
 s - 6 poisoned darts
Armour
 b - a +1 pair of gloves
 o - a scarf of spirit shield
Jewellery
 k - an uncursed ring of flight {unknown}
 t - an uncursed amulet of harm
 u - a +3 ring of evasion {unknown}
Wands
 j - a wand of flame (11)
Scrolls
 d - a scroll of enchant weapon {unknown}
 f - 2 scrolls of remove curse {unknown}
 g - a scroll of identify
 h - 2 scrolls of blinking {unknown}
 n - a scroll of amnesia {unknown}
 v - 2 scrolls of teleportation {unknown}
Potions
 e - a potion of flight {unknown}
 i - a potion of lignification {unknown}
 l - a potion of curing {unknown}
 r - a potion of agility {unknown}
Comestibles
 c - 4 rations
 w - 3 chunks of flesh


   Skills:
 - Level 1.1 Fighting
 - Level 1.7 Dodging
 - Level 3.0 Unarmed Combat
 - Level 4.0 Spellcasting
 + Level 4.4 Transmutations


You had 9 spell levels left.
You knew the following spells:

 Your Spells              Type           Power        Failure   Level  Hunger
a - Beastly Appendage     Tmut           ###...       3%          1    None
b - Sticks to Snakes      Tmut           ###.....     4%          2    ##.....

Your spell library contained the following spells:

 Spells                   Type           Power        Failure   Level  Hunger
 Spider Form              Tmut/Pois      #.........   22%         3    ###....
 Ice Form                 Ice/Tmut       #.......     58%         4    ####...
 Blade Hands              Tmut           ###.......   63%         5    ######.


Dungeon Overview and Level Annotations

Branches:
Dungeon (4/15)
 Temple: D:4-7

Altars:
Kikubaaqudgha
Makhleb
Ru
Wu Jian

Annotations:
D:2 exclusions: bat and ooze, Terence
D:3 exclusions: orc and orc wizard
D:4 exclusion: worker ant, Robin


Innate Abilities, Weirdness & Mutations

Your plain brown scales are hard. (AC +5)
You cannot fit into any form of body armour.
You are cold-blooded and may be slowed by cold attacks.
You have a pair of horns on your head.


Message History

* * * LOW HITPOINT WARNING * * *
You feel sick. The goblin hits you with a +0 club.
* * * LOW HITPOINT WARNING * * *
The goblin barely misses you. The goblin closely misses you.
As you read the scroll labeled KEKAFIHUUD, it crumbles to dust.
It is a scroll of identify.
t - an uncursed amulet of harm Your transformation is almost over.
* * * LOW HITPOINT WARNING * * *
You feel sick.
The goblin no longer looks unusually strong.
The goblin hits you but does no damage. The goblin closely misses you.
The goblin misses you.
It was a potion of haste.
You feel yourself speed up.
* * * LOW HITPOINT WARNING * * *
You feel sick. The goblin barely misses you. The goblin closely misses you.
The goblin hits you but does no damage.
You hit the goblin.
You kill the goblin!
You die...

. #.#.. ..#
..#.#.##.#
.........#
#....รท### ...
....#....###
#... ..
##.#...### #..
...###ggg#####
#.. #.###
###ggggg####.#
...
#####@)g.#.#
.##
####>#.#### #
#......###
###.##...#####
#..........#
#..........#
#......<...#
#..........#
#..........#


You could see Robin, a hobgoblin and 7 goblins.

Vanquished Creatures
  A hound (D:4)
  3 worker ants
  4 adders
  2 worms
  2 dart slugs
  An orc (D:2)
  3 giant cockroaches
  10 goblins
  7 hobgoblins
  A quokka (D:2)
  10 bats
  3 frilled lizards
  6 kobolds
  11 rats
  2 rat zombies (D:3)
66 creatures vanquished.

Vanquished Creatures (collateral kills)
  2 adders (D:2)
  A goblin (D:4)
  A rat (D:2)
4 creatures vanquished.

Grand Total: 70 creatures vanquished

Notes
Turn   | Place    | Note
-------+----------+-------------------------------------------
     0 | D:1      | Electrofox the Draconian Transmuter began the quest for the
                  | Orb.
     0 | D:1      | Reached XP level 1. HP: 16/16 MP: 3/3
     3 | D:1      | Noticed an electric eel
     3 | D:1      | Noticed an electric eel
   262 | D:1      | Reached XP level 2. HP: 18/23 MP: 3/5
   648 | D:1      | Learned a level 2 spell: Sticks to Snakes
  1104 | D:2      | Reached XP level 3. HP: 24/28 MP: 7/7
  1279 | D:2      | Noticed Terence
  1518 | D:2      | Found a burning altar of Makhleb.
  1774 | D:2      | Reached XP level 4. HP: 32/35 MP: 4/9
  2945 | D:3      | Found an ancient bone altar of Kikubaaqudgha.
  2994 | D:3      | Found an ornate altar of the Wu Jian Council.
  2995 | D:3      | Found a sacrificial altar of Ru.
  3098 | D:4      | Noticed Robin
  3101 | D:4      | Reached XP level 5. HP: 32/40 MP: 7/11
  3574 | D:4      | HP: 2/40 [poisoned by a goblin]
  3576 | D:4      | Succumbed to a goblin's poison

Levels and vault maps discovered:
D:1:      arrival_aquarium_b, layout_basic, corexii_hall_statues_i
D:2:      layout_basic, nicolae_overflow_crystal_walls, uniq_terence
D:3:      layout_loops_ring, lemuel_zombie_altar_kikubaaqudgha,
          gammafunk_temple_overflow_pools, lemuel_coloured_pillars_altar
D:4:      layout_rooms, lemuel_doored_altar, uniq_robin

Skill      XL: |  1  2  3  4  5 |
---------------+----------------+-----
Spellcasting   | 3 4 |  4.0
Transmutations | 3 4 |  4.4
Fighting       | |  1.1
Dodging        | |  1.7
Unarmed Combat | |  3.0

Action                   |  1- 3 |  4- 6 || total
-------------------------+-------+-------++-------
Melee: Unarmed           |   144 |   101 ||   245
       Tailslap          |     6 |    11 ||    17
       Headbutt          |     6 |     5 ||    11
       Kick              |     7 |     9 ||    16
Throw: Javelin           |       |     7 ||     7
 Cast: Beastly Appendage |    17 |    13 ||    30
       Sticks to Snakes  |     3 |     5 ||     8
  Use: Scroll            |       |     1 ||     1
       Potion            |       |     1 ||     1
 Stab: Distracted        |     1 |       ||     1
       Sleeping          |     1 |       ||     1
  Eat: Chunk             |     3 |     6 ||     9
Armor: Skin              |    44 |    38 ||    82
Dodge: Dodged            |   111 |    77 ||   188

Table legend:
 A = Non-vault XP
 B = Vault XP
 C = Vault XP percentage of total XP
 D = Non-vault monster count
 E = Vault monster count
 F = Vault count percentage of total count
                 A         B        C        D         E       F
            +---------+---------+-------+---------+---------+-------
      Total |     305 |       6 |   1.9 |      65 |       5 |   7.1
            +---------+---------+-------+---------+---------+-------
        D:1 |      39 |       0 |   0.0 |      24 |       0 |   0.0
        D:2 |     128 |       0 |   0.0 |      28 |       0 |   0.0
        D:3 |      57 |       4 |   6.6 |      10 |       3 |  23.1
        D:4 |      81 |       2 |   2.4 |       3 |       2 |  40.0
            +---------+---------+-------+---------+---------+-------
